 Dungeon Crawl Stone Soup version 0.24-a0-459-g225fefd530 (webtiles) character file.

Game seed: 13102531109639821329

163 gruber the Chopper (level 5, -1/45 HPs)
             Began as a Minotaur Monk on June 28, 2019.
             Slain by an orc wizard
             ... wielding a +0 dagger
              (3 damage)
             ... on level 4 of the Dungeon.
             The game lasted 00:02:27 (2435 turns).

gruber the Chopper (Minotaur Monk)                  Turns: 2435, Time: 00:02:28

Health: -1/45      AC:  2    Str: 17    XL:     5   Next: 20%
Magic:  4/4        EV: 13    Int:  7    God:
Gold:   159        SH:  0    Dex: 12    Spells: 4/4 levels left

rFire    . . .     SeeInvis .   a - +0 hand axe
rCold    . . .     Gourm    .   (no shield)
rNeg     . . .     Faith    .   b - +0 robe
rPois    .         Spirit   .   (helmet restricted)
rElec    .         Reflect  .   (no cloak)
rCorr    .         Harm     .   (no gloves)
MR       .....                  (no boots)
Stlth    ++........             (no amulet)
HPRegen  0.15/turn              (no ring)
MPRegen  0.09/turn              (no ring)

@: hasted and slowed
A: retaliatory headbutt, horns 2
a: no special abilities


You were on level 4 of the Dungeon.
You were not hungry.

You visited 1 branch of the dungeon, and saw 4 of its levels.

You collected 159 gold pieces.

Inventory:

Hand Weapons
 a - a +0 hand axe (weapon)
Armour
 b - a +0 robe (worn)
 f - a +0 shield
Scrolls
 d - 3 scrolls of identify {unknown}
 e - 2 scrolls of teleportation {unknown}
 g - 5 scrolls of remove curse {unknown}
 i - a scroll of fear {unknown}
 j - 3 scrolls of amnesia {unknown}
 k - a scroll of fog {unknown}
 n - a scroll of noise {unknown}
Potions
 h - a potion of might {unknown}
 l - a potion of haste
 m - a potion of mutation {unknown}
 o - a potion of invisibility {unknown}
 p - a potion of cancellation {unknown}
Comestibles
 c - 9 rations


   Skills:
 - Level 3.6 Fighting
 + Level 7.2 Axes
 - Level 3.2 Dodging
 - Level 1.5 Stealth


You had 4 spell levels left.
You didn't know any spells.
Your spell library was empty.

Dungeon Overview and Level Annotations

Branches:
Dungeon (4/15)
 Temple: D:4-7

Altars:
Nemelex Xobeh
Xom


Innate Abilities, Weirdness & Mutations

You reflexively headbutt those who attack you in melee.
You have a pair of horns on your head.


Message History

The adder skeleton bites you but does no damage.
Unknown command.
Unknown command.
You hit the orc wizard but do no damage.
The orc wizard is heavily wounded.
You hit the quokka. You barely miss the adder skeleton.
The orc wizard hits you with a +0 dagger.
* * * LOW HITPOINT WARNING * * *
The quokka closely misses you.
The orc wizard hits you with a +0 dagger.
* * * LOW HITPOINT WARNING * * *
The adder skeleton closely misses you. You furiously retaliate!
You headbutt the adder skeleton! The quokka barely misses you.
The orc wizard closely misses you.
Unknown command.
It was a potion of haste.
You feel yourself speed up. The adder skeleton bites you.
* * * LOW HITPOINT WARNING * * *
The orc wizard hits you with a +0 dagger.
You die...

#.....o##...#
#...h.)....#
###h....# .).....
#oro#.##... ........8
###.###.#
#........###.o.##..#
##........##o.##...#
..........##r##..####
..........8#†@o......
..........##Z........
#..........##.######
#.......###..#
##..(..## #.##
####...###..#
#..........#
#.....##...######
#.....#..#......###


You could see an orc wizard, an orc, a quokka and an adder skeleton.

Vanquished Creatures
  An orc wizard (D:4)
  A worker ant (D:4)
  3 adders
  2 oozes (D:1)
  3 dart slugs
  4 leopard geckos
  2 orcs
  5 bats
  2 giant cockroaches
  10 hobgoblins
  4 jackals (D:1)
  7 kobolds
  A quokka (D:3)
  3 frilled lizards (D:1)
  8 goblins
  8 rats
64 creatures vanquished.

Notes
Turn   | Place    | Note
-------+----------+-------------------------------------------
     0 | D:1      | gruber the Minotaur Monk began the quest for the Orb.
     0 | D:1      | Reached XP level 1. HP: 19/19 MP: 0/0
    22 | D:1      | Reached skill level 4 in Axes
    27 | D:1      | Reached XP level 2. HP: 24/26 MP: 1/1
   157 | D:1      | Reached skill level 5 in Axes
   194 | D:1      | Reached XP level 3. HP: 23/31 MP: 2/2
  1106 | D:2      | Found a shimmering altar of Xom.
  1279 | D:2      | Reached XP level 4. HP: 33/39 MP: 3/3
  1307 | D:2      | Reached skill level 6 in Axes
  2035 | D:3      | Found a sparkling altar of Nemelex Xobeh.
  2432 | D:4      | Reached skill level 7 in Axes
  2432 | D:4      | Reached XP level 5. HP: 10/45 MP: 4/4
  2435 | D:4      | HP: 2/45 [adder skeleton (3)]
  2435 | D:4      | Slain by an orc wizard

Levels and vault maps discovered:
D:1:      tarquinn_simple_flora_water_d, layout_basic, serial_rivers,
          chequers_serial_rivers_large_a, chequers_serial_rivers_small_3,
          chequers_serial_rivers_micro_b, chequers_serial_rivers_micro_c,
          chequers_serial_rivers_room_a, chequers_serial_rivers_marsh
D:2:      layout_basic, overflow_temple_1_default, first_ration
D:3:      layout_rooms, nemelex_diamond_rough_becter
D:4:      layout_rooms, serial_corexii_hall, corexii_hall_statues_x,
          chequers_hall_statues_wall_a, chequers_hall_statues_corner_a,
          chequers_hall_statues_corner_a, corexii_hall_statues_l,
          chequers_hall_statues_y, minmay_close_crescents

Skill      XL: |  1  2  3  4 |
---------------+-------------+-----
Axes           | 4 5 7 |  7.2
Fighting       | |  3.6
Dodging        | |  3.2
Stealth        | |  1.5

Action                   |  1- 3 |  4- 6 || total
-------------------------+-------+-------++-------
Melee: Hand axe          |    96 |    61 ||   157
       Headbutt          |    10 |     8 ||    18
  Use: Potion            |       |     1 ||     1
 Stab: Sleeping          |     2 |     1 ||     3
  Eat: Chunk             |     1 |     4 ||     5
Armor: Robe              |     9 |     5 ||    14
Dodge: Dodged            |    59 |    43 ||   102

Table legend:
 A = Non-vault XP
 B = Vault XP
 C = Vault XP percentage of total XP
 D = Non-vault monster count
 E = Vault monster count
 F = Vault count percentage of total count
                 A         B        C        D         E       F
            +---------+---------+-------+---------+---------+-------
      Total |     233 |       0 |   0.0 |      64 |       0 |   0.0
            +---------+---------+-------+---------+---------+-------
        D:1 |      76 |       0 |   0.0 |      37 |       0 |   0.0
        D:2 |      29 |       0 |   0.0 |       9 |       0 |   0.0
        D:3 |      39 |       0 |   0.0 |      14 |       0 |   0.0
        D:4 |      89 |       0 |   0.0 |       4 |       0 |   0.0
            +---------+---------+-------+---------+---------+-------
